 Dungeon Crawl Stone Soup version 0.31.0-10-gcf4a605ca0 (webtiles) character file.

Game seed: 14086200360155988429

25050 Aneyh the Warrior (level 13, -2/83 HPs)
             Began as a Tengu Monk on Jan 25, 2024.
             Was a High Priest of Hepliaklqana.
             Killed from afar by a fire dragon (64 damage)
             ... with a blast of flame
             ... on level 15 of the Dungeon.
             The game lasted 00:42:47 (11904 turns).

Aneyh the Warrior (Tengu Monk)                     Turns: 11904, Time: 00:42:53

Health: -2/83      AC: 14    Str: 16    XL:     13   Next: 17%
Magic:  6/15       EV: 26    Int: 20    God:    Hepliaklqana [*****.]
Gold:   715        SH:  0    Dex: 25    Spells: 2/12 levels left

rFire   . . .        b - +8 trident of Makhleb's Whim {flame, Int+8}
rCold   . . .        (no shield)
rNeg    . . .        v - +4 robe "Vusuimeu" {Regen+ Str+3 Archmagi}
rPois   .            (helmet restricted)
rElec   .            C - +0 cloak
rCorr   .            x - +0 pair of gloves
SInv    .            (boots unavailable)
Will    +....        n - amulet of regeneration
Stlth   ++           E - +6 ring of dexterity
HPRegen 1.93/turn    T - +4 ring of protection
MPRegen 0.14/turn

%: acrobat, archmagi
@: flying, inugami summoned
A: reduced essence, beak, talons 3, evasive flight, acrobatic, iridescent scales
1, high MP 1, strong-willed 1
a: Renounce Religion, Recall Ancestor, Ancestor Identity, Transference, Idealise


You were on level 15 of the Dungeon.
You worshipped Hepliaklqana.
Hepliaklqana was extremely pleased with you.
You visited 2 branches of the dungeon, and saw 16 of its levels.

You collected 1754 gold pieces.
You spent 1039 gold pieces at shops.

Inventory:

Hand Weapons
 a - a +0 scimitar of flaming
 b - the +8 trident of Makhleb's Whim (weapon) {flame, Int+8}
   (You bought it in a shop on level 6 of the Dungeon)

   Int+8:     It affects your intelligence (+8).
 l - a +1 scimitar
 m - a +0 war axe
 p - a +0 orcbow
 q - a +0 heavy war axe
 t - a +0 trident
 A - a +2 spear of flaming
 J - a +0 halberd
 K - a +2 hand axe of freezing
 U - a +2 broad axe of draining
Missiles
 G - a throwing net
 P - 2 javelins
Armour
 s - a scarf of invisibility
 v - the +4 robe "Vusuimeu" (worn) {Regen+ Str+3 Archmagi}
   (You found it on level 3 of the Dungeon)

   Str+3:     It affects your strength (+3).
   Regen+:    It increases your rate of health regeneration.
   Archmagi:  It increases the power of your magical spells.
 x - a +0 pair of gloves (worn)
 y - a +0 kite shield
 C - a +0 cloak (worn)
 V - +0 acid dragon scales
 Y - a +0 troll leather armour
Magical Staves
 i - a staff of air
Jewellery
 n - an amulet of regeneration (around neck)
 z - a ring of willpower
 E - a +6 ring of dexterity (left hand)
 L - a ring of positive energy
 T - a +4 ring of protection (right hand)
Wands
 H - a wand of iceblast (5)
 Q - a wand of flame (21)
 S - a wand of quicksilver (11)
Scrolls
 d - 2 scrolls of amnesia
 e - 5 scrolls of identify
 g - 4 scrolls of silence
 h - a scroll of enchant armour {unknown}
 k - 2 scrolls of revelation
 o - a scroll of enchant weapon
 u - a scroll of poison
 w - 3 scrolls of fog
 F - a scroll of brand weapon
 I - a scroll of fear {unknown}
Potions
 c - a potion of mutation
 f - 3 potions of attraction
 j - 4 potions of curing
 r - 2 potions of magic
 B - 2 potions of haste
 D - a potion of resistance {unknown}
 M - 2 potions of heal wounds
 X - a potion of enlightenment


   Skills:
 + Level 16.1 Fighting
 - Level 5.0 Long Blades
 - Level 5.0 Polearms
 - Level 11.0 Dodging
 - Level 12.0 Summonings


You had 2 spell levels left.
You knew the following spells:

 Your Spells              Type           Power      Damage    Failure   Level
a - Call Canine Familiar  Summ           64%        N/A       1%          3
b - Summon Lightning Spi  Summ/Air       36%        N/A       16%         4
c - Summon Ice Beast      Ice/Summ       36%        N/A       4%          3

Your spell library contained the following spells:

 Spells                   Type           Power      Damage    Failure   Level
 Apportation              Tloc           0%         N/A       19%         1
 Kiss of Death            Conj/Necr      0%         2d5       19%         1
 Shock                    Conj/Air       0%         1d3       19%         1
 Slow                     Hex            0%         N/A       19%         1
 Blink                    Tloc           0%         N/A       28%         2
 Cigotuvi's Dreadful Rot  Necr/Alch/Air  0%         N/A       28%         2
 Jinxbite                 Hex            0%         N/A       28%         2
 Lesser Beckoning         Tloc           0%         N/A       28%         2
 Mercury Vapours          Alch/Air       0%         N/A       28%         2
 Momentum Strike          Conj/Tloc      0%         3d8       28%         2
 Static Discharge         Conj/Air       0%         3-3/arc   28%         2
 Confusing Touch          Hex            0%         N/A       50%         3
 Frozen Ramparts          Ice            0%         1d1       50%         3
 Hailstorm                Conj/Ice       0%         3d5       50%         3
 Inner Flame              Hex/Fire       0%         N/A       50%         3
 Mephitic Cloud           Conj/Alch/Air  0%         N/A       50%         3
 Sigil of Binding         Hex            0%         N/A       50%         3
 Swiftness                Air            0%         N/A       50%         3
 Vampiric Draining        Necr           0%         2d6       50%         3
 Airstrike                Air            0%         2d(0-16)  88%         4
 Dimensional Bullseye     Hex/Tloc       0%         N/A       88%         4
 Dispel Undead            Necr           0%         3d6       88%         4
 Ignite Poison            Fire/Alch      0%         N/A       88%         4
 Leda's Liquefaction      Alch/Erth      0%         N/A       88%         4
 Petrify                  Alch/Erth      0%         N/A       88%         4
 Alistair's Intoxication  Alch           0%         N/A       99%         5
 Borgnjor's Vile Clutch   Necr/Erth      0%         N/A       99%         5
 Freezing Cloud           Conj/Ice/Air   0%         6-21      99%         5
 Irradiate                Conj/Alch      0%         3d11      99%         5
 Lee's Rapid Deconstruct  Erth           0%         3d4*      99%         5
 Metabolic Englaciation   Hex/Ice        0%         N/A       99%         5
 Sculpt Simulacrum        Ice/Alch       0%         N/A       100%        6
 Ignition                 Fire           0%         3d3       100%        8


Dungeon Overview and Level Annotations

Branches:
Dungeon (14/15)            Temple (1/1) D:5            Lair (0/5) D:8
    Orc (0/2) D:9
 Vaults: D:13-14

Altars:
Ashenzari
Cheibriados
Dithmenos
Elyvilon
Fedhas
Gozag
Hepliaklqana
Kikubaaqudgha
Makhleb
Nemelex Xobeh
Okawaru
Qazlal
Ru
Sif Muna
Trog
Uskayaw
Vehumet
Wu Jian
Xom
Yredelemnul
Zin
The Shining One

Shops:
D:2 !   D:6 (?=   D:8 ?*

Portals:
Abyss: D:7

Annotations:
D:7 2 transporters, middlethird's ghost, novice VSCj
Temple 2 transporters


Innate Abilities, Weirdness & Mutations

Your life essence is reduced to manifest your ancestor. (-10% HP)
You have a beak for a mouth.
You have claws for feet.
Your magical flight helps you evade attacks. (EV +4)
You can magically evade attacks while moving or waiting.
You are partially covered in iridescent scales. (AC +2)
You have an increased reservoir of magic. (+10% MP)
You are strong-willed. (Will+)


Message History

Unknown command.
Unknown command.
The fire dragon attacks as it pursues you!
The fire dragon misses you. The fire dragon completely misses you.
The fire dragon tramples you but does no damage.
The fire dragon attacks as it pursues you!
The fire dragon completely misses you. The fire dragon misses you.
The fire dragon completely misses you.
Your lightning spire shoots out a bolt of lightning at the fire dragon!
The bolt of electricity hits the fire dragon! x2
You hit the fire dragon. You claw the fire dragon.
The fire dragon is moderately wounded.
The fire dragon bites you! The fire dragon completely misses you.
The fire dragon tramples you but does no damage.
You hit the fire dragon.
You peck the fire dragon, but do no damage.
The fire dragon is moderately wounded.
The fire dragon breathes flames at you. The blast of flame misses you.
Your lightning spire shoots out a bolt of lightning at the fire dragon!
The bolt of electricity hits the fire dragon. x2
You hear a deafening roar!
You feel a surge of power! A chill wind blows around you.
The fire dragon misses you.
The fire dragon claws you but does no damage.
The fire dragon completely misses you.
Unknown command.
Casting: Summon Ice Beast (dangerous; 4% risk of failure)
Confirm with . or Enter, or press ? or * to list all spells.
You feel a surge of power!
You call for your canine familiar and it appears with a howl!
The fire dragon bites you! The fire dragon completely misses you.
The fire dragon tramples you.
You are shoved backwards!
You hit the fire dragon.
You claw the fire dragon, but do no damage.
The fire dragon is heavily wounded.
The fire dragon breathes flames at you. The blast of flame hits you!!!
Ouch! That really hurt!
You die...

.........# #####......#
.$$$ ##.....# #####.....
##....# ##.....# #.....
##..h# ##..... ##.Y8.##
##......
..#..8.D.########.......
.......@................
....#####...............
.... #...............
... #..#####........ .$
#..# #.####### #..# #.#
#..# #.# #..# #.# #..#
.#


You could see a fire dragon (catching breath, ally target), a friendly lightning
spire (summoned), a friendly ice beast (summoned) and a friendly inugami
(summoned).

Vanquished Creatures
  Frances (D:14)
  4 centaur warriors
  A two-headed ogre (D:11)
  An arcanist (D:13)
  2 manticores
  An ugly thing (D:11)
  Maggie (D:8)
  2 gargoyles
  An unseen horror (D:10)
  Psyche (D:12)
  A komodo dragon (D:11)
  A queen bee (shapeshifter) (D:15)
  4 trolls
  A hornet (D:8)
  2 slime creatures (D:12)
  A wraith (D:8)
  2 fire elementals (D:11)
  9 yaks
  8 humans (D:13)
  A water moccasin (D:9)
  3 ice beasts
  2 black bears
  3 sky beasts
  An ogre (D:4)
  6 centaurs
  A phantom (D:5)
  A bullfrog (D:7)
  A weeping skull (D:5)
  2 gnoll sergeants
  3 killer bees
  7 howler monkeys
  A hound (D:5)
  Crazy Yiuf (D:7)
  3 bombardier beetles
  A jelly (D:5)
  An orc priest (D:5)
  A sleepcap (D:4)
  2 iguanas
  6 orc wizards
  3 nameless horrors
  4 gnolls
  17 adders
  A shadow imp (D:6)
  2 white imps
  A ribbon worm (D:5)
  A dart slug (D:1)
  14 orcs
  5 bats
  8 endoplasms
  4 giant cockroaches
  3 goblins
  5 hobgoblins
  3 quokkas
  4 ball pythons
  3 frilled lizards
  7 kobolds
  5 rats
181 creatures vanquished.

Vanquished Creatures (collateral kills)
  Azrael (D:11)
  A vault guard (D:13)
  A centaur warrior (D:13)
  An arcanist (D:13)
  A harpy (shapeshifter) (D:15)
  2 necromancers (D:13)
  A deep elf pyromancer (D:11)
  An ugly thing (D:11)
  A manticore (D:14)
  2 trolls
  2 slime creatures (D:12)
  7 yaks
  5 fire elementals (D:11)
  8 humans (D:13)
  Menkaure (D:6)
  A hell hound (D:12)
  2 acid dragons
  4 orc warriors
  2 ogres
  3 centaurs
  A phantom (D:6)
  2 kobold brigands
  3 killer bees
  An electric eel (D:9)
  5 howler monkeys
  3 jellies
  3 hounds
  An orc priest (D:9)
  An iguana (D:7)
  5 orc wizards
  2 adders (D:6)
  2 gnolls
  A shadow imp (D:8)
  2 white imps
  2 ufetubi (D:6)
  12 orcs
  6 kobolds
  A spectral orc (D:5)
  2 butterflies (D:5)
102 creatures vanquished.

Vanquished Creatures (others)
  13 battlemagi
  2 gnolls (D:8)
15 creatures vanquished.

Grand Total: 298 creatures vanquished

Notes
Turn   | Place    | Note
-------+----------+-------------------------------------------
     0 | D:1      | Aneyh the Tengu Monk began the quest for the Orb.
     0 | D:1      | Reached XP level 1. HP: 14/14 MP: 2/2
   170 | D:1      | Reached XP level 2. HP: 13/19 MP: 3/3
   781 | D:2      | Reached skill level 1 in Summonings
   781 | D:2      | Reached XP level 3. HP: 5/23 MP: 4/4
   906 | D:2      | Noticed a shining eye
   909 | D:2      | Noticed a shining eye
   911 | D:2      | Found a faded altar of an unknown god.
   912 | D:2      | Noticed a glass eye
   912 | D:2      | Noticed a great orb of eyes
  1094 | D:2      | Found Puash's Distillery.
  1238 | D:2      | Reached XP level 4. HP: 26/28 MP: 5/5
  1265 | D:2      | Reached skill level 5 in Long Blades
  1269 | D:2      | Learned a level 3 spell: Call Canine Familiar
  1470 | D:2      | Found an ornate altar of the Wu Jian Council.
  1606 | D:3      | Identified the +4 robe "Vusuimeu" {Regen+ Str+3 Archmagi}
  1682 | D:3      | Reached XP level 5. HP: 32/32 MP: 2/6
  2223 | D:4      | Found a stormy altar of Qazlal.
  2223 | D:4      | Noticed a sky beast
  2516 | D:4      | Reached skill level 5 in Summonings
  2524 | D:4      | Reached XP level 6. HP: 37/37 MP: 4/7
  2835 | D:5      | Entered Level 5 of the Dungeon
  2919 | D:5      | Reached skill level 4 in Fighting
  3134 | D:5      | Found a staircase to the Ecumenical Temple.
  3143 | Temple   | Found a transporter.
  3143 | Temple   | Found a transporter.
  3143 | Temple   | Found a transporter.
  3143 | Temple   | Found a transporter.
  3143 | Temple   | Entered the Ecumenical Temple
  3237 | D:5      | Gained mutation: Your magical flight helps you evade
                  | attacks. (EV +4) [Tengu growth]
  3237 | D:5      | Reached XP level 7. HP: 44/44 MP: 8/8
  3252 | D:5      | Reached skill level 5 in Dodging
  3281 | D:5      | Found a basalt altar of Yredelemnul.
  3304 | D:5      | Reached skill level 5 in Fighting
  3632 | D:5      | Found a hazy altar of Hepliaklqana.
  3638 | D:5      | Became a worshipper of Hepliaklqana the Forgotten
  3638 | D:5      | Reached * piety under Hepliaklqana
  3638 | D:5      | Reached ** piety under Hepliaklqana
  3639 | D:5      | Remembered your ancestor Hrodulf as a battlemage
  3642 | D:5      | Found a white marble altar of Elyvilon.
  3647 | D:5      | Reached skill level 6 in Fighting
  3788 | D:5      | Reached XP level 8. HP: 34/46 MP: 9/9
  3994 | D:5      | Reached skill level 7 in Fighting
  4212 | D:6      | Reached skill level 8 in Fighting
  4215 | D:6      | Found Noq Wiothe's Weapon Boutique.
  4286 | D:6      | Found Vokizofa's Jewellery Shoppe.
  4358 | D:6      | Reached XP level 9. HP: 54/54 MP: 10/10
  4453 | D:6      | Found Wixkud's Magic Scroll Shoppe.
  4478 | D:6      | Reached skill level 9 in Fighting
  4541 | D:6      | Noticed Menkaure
  4549 | D:6      | Killed Menkaure
  5105 | D:7      | Reached *** piety under Hepliaklqana
  5173 | D:7      | Found a transporter.
  5260 | D:7      | Noticed a toenail golem
  5270 | D:7      | Found a one-way gate to the infinite horrors of the Abyss.
  5270 | D:7      | Noticed middlethird's ghost (novice VSCj)
  5330 | D:7      | Found a runed translucent door.
  5331 | D:7      | Noticed Crazy Yiuf
  5405 | D:7      | Reached skill level 10 in Fighting
  5474 | D:7      | Found a transporter.
  5642 | D:7      | Killed Crazy Yiuf
  5926 | D:8      | Found a staircase to the Lair.
  6075 | D:8      | Noticed a hornet
  6080 | D:8      | Killed a hornet
  6081 | D:8      | Reached skill level 11 in Fighting
  6156 | D:8      | Found Siwn's Demolitions Depot.
  6159 | D:8      | Noticed Maggie
  6173 | D:8      | Gained mutation: You are partially covered in iridescent
                  | scales. (AC +2) [potion of mutation]
  6173 | D:8      | Gained mutation: You have an increased reservoir of magic.
                  | (+10% MP) [potion of mutation]
  6173 | D:8      | Gained mutation: You are strong-willed. (Will+) [potion of
                  | mutation]
  6178 | D:8      | Killed Maggie
  6179 | D:8      | Reached XP level 10. HP: 19/63 MP: 9/12
  6249 | D:8      | Bought a book of Storms for 338 gold pieces
  6257 | D:8      | Learned a level 4 spell: Summon Lightning Spire
  6427 | D:8      | Found Kebea's Magic Scroll Emporium.
  6693 | D:9      | Reached **** piety under Hepliaklqana
  6695 | D:9      | Found a staircase to the Orcish Mines.
  7174 | D:9      | Reached skill level 12 in Fighting
  7344 | D:10     | Entered Level 10 of the Dungeon
  7409 | D:10     | Reached skill level 10 in Summonings
  7611 | D:10     | Found a shimmering altar of Xom.
  7768 | D:10     | Killed an unseen horror
  8013 | D:10     | Reached skill level 13 in Fighting
  8014 | D:10     | Reached XP level 11. HP: 70/70 MP: 10/13
  8019 | D:10     | Learned a level 3 spell: Summon Ice Beast
  8330 | D:11     | Noticed a two-headed ogre
  8363 | D:11     | Killed a two-headed ogre
  8485 | D:11     | Got the Codex of Breccia
  8625 | D:11     | Noticed a manticore
  8631 | D:11     | Killed a manticore
  8632 | D:11     | Reached skill level 14 in Fighting
  8683 | D:11     | Noticed a red ugly thing
  8691 | D:11     | Noticed a red ugly thing
  8692 | D:11     | Noticed a deep elf pyromancer
  8698 | D:11     | Killed a red ugly thing
  8709 | D:11     | Killed a red ugly thing
  8709 | D:11     | Killed a deep elf pyromancer
  8976 | D:12     | Noticed Azrael
  8983 | D:11     | Killed Azrael
  9258 | D:11     | Reached skill level 15 in Fighting
  9677 | D:12     | Reached XP level 12. HP: 71/78 MP: 10/14
 10075 | D:12     | Noticed Psyche
 10091 | D:12     | Killed Psyche
 10353 | D:13     | Noticed a centaur warrior
 10356 | D:13     | Noticed a boulder beetle
 10379 | D:13     | Noticed a boulder beetle
 10460 | D:13     | Killed a centaur warrior
 10763 | D:13     | Reached skill level 10 in Dodging
 10800 | D:13     | Noticed a vault guard
 10801 | D:13     | Noticed a vault guard
 11020 | D:13     | Noticed a centaur warrior
 11029 | D:13     | Identified a scroll of acquirement
 11030 | D:13     | Acquired 736 gold pieces
 11163 | D:6      | Bought the +8 trident of Makhleb's Whim {flame, Int+8} for
                  | 701 gold pieces
 11312 | D:13     | Killed a vault guard
 11313 | D:13     | Reached skill level 1 in Polearms
 11365 | D:13     | Killed a centaur warrior
 11372 | D:13     | Reached skill level 5 in Polearms
 11536 | D:14     | Noticed a centaur warrior
 11543 | D:14     | Killed a centaur warrior
 11577 | D:14     | Noticed a centaur warrior
 11587 | D:14     | Killed a centaur warrior
 11588 | D:14     | Reached XP level 13. HP: 78/82 MP: 11/15
 11717 | D:14     | Noticed Frances
 11725 | D:14     | Killed Frances
 11726 | D:14     | Reached skill level 16 in Fighting
 11778 | D:14     | Reached ***** piety under Hepliaklqana
 11778 | D:14     | You are sucked into a shaft and drop 1 floor!
 11778 | D:15     | Entered Level 15 of the Dungeon
 11892 | D:15     | Noticed a fire dragon
 11904 | D:15     | Killed from afar by a fire dragon

Illustrated notes

Levels and vault maps discovered:
D:1:      minmay_arrival_diagonal_passages, layout_basic
D:2:      layout_loops_cross, serial_shops, nicolae_shop_pleasant_corner_grove,
          hellmonk_ecumenical_altar_watching_god, basic_altar
D:3:      layout_basic
D:4:      layout_loops_ring, nicolae_qazlal_beasts_of_the_sky
D:5:      layout_basic, yredelemnul_forgotten_temple_becter,
          mainiacjoe_overflow_large_starburst, minmay_temple_entry_butterflies,
          grunt_ministairs_6
D:6:      layout_basic, serial_shops, shop, shop, shop,
          chequers_serial_rivers_room_b, uniq_menkaure
D:7:      layout_rooms, gammafunk_ghost_abyssal_escape,
          minmay_misc_feat_encased, dk_noncrumbling_3, uniq_crazy_yiuf_cottage
D:8:      layout_loops_cross, lair_entry_dummy, serial_shops, shop,
          nicolae_blasting_shop, uniq_maggie
D:9:      layout_basic, orc_david_3
D:10:     layout_gridville, lemuel_crystal_altar, kennysheep_nub
D:11:     layout_basic
D:12:     layout_loops_ring, minmay_misc_feat_diagonals, uniq_psyche,
          uniq_azrael
D:13:     layout_rooms, grunt_vaults_entry_tiered, minmay_dual_archer_statues
D:14:     layout_roguey, uniq_frances, uniq_josephine, uniq_agnes
D:15:     grunt_enter_depths_hoard, layout_irregular_city,
          nicolae_trove_entry_crossroad
Temple:   hellmonk_temple_divided_pantheon

Skill      XL: |  1  2  3  4  5  6  7  8  9 10 11 12 13 |
---------------+----------------------------------------+-----
Long Blades    | 4 5 |  5.0
Summonings     | 1 3 5 6 8 10 12 | 12.0
Dodging        | 4 5 6 11 | 11.0
Fighting       | 4 6 8 11 13 15 16 | 16.1
Polearms       | 5 |  5.0

Action                     |  1- 3 |  4- 6 |  7- 9 | 10-12 | 13-15 || total
---------------------------+-------+-------+-------+-------+-------++-------
  Melee: Falchion          |    72 |   112 |   130 |       |       ||   314
         Kick              |    16 |    35 |    54 |   100 |     9 ||   214
         Peck              |     3 |    28 |    40 |    76 |     3 ||   150
         Trident           |       |     3 |       |    53 |    18 ||    74
         Scimitar          |       |       |    45 |   210 |       ||   255
         Punch             |       |       |       |     7 |     1 ||     8
         Spear             |       |       |       |    16 |       ||    16
   Fire: Orcbow            |       |       |       |     7 |       ||     7
   Cast: Call Canine Famil |       |     5 |    14 |    24 |     1 ||    44
         Summon Lightning  |       |       |       |    14 |     3 ||    17
         Summon Ice Beast  |       |       |       |    28 |     5 ||    33
 Invoke: Ancestor Life: Ba |       |       |     1 |       |       ||     1
         Recall Ancestor   |       |       |       |     5 |       ||     5
    Use: Potion            |     1 |       |     4 |       |       ||     5
         Scroll            |       |       |       |    17 |       ||    17
   Stab: Sleeping          |     2 |     2 |     2 |       |       ||     6
         Distracted        |       |       |     3 |     7 |     1 ||    11
 Armour: Robe              |    41 |    50 |    82 |   187 |    17 ||   377
  Dodge: Dodged            |    54 |    74 |   198 |   428 |    47 ||   801
